 Dungeon Crawl Stone Soup version 0.29-a0-451-gfbfa42419e (webtiles) character file.

Game seed: 7859592646617320078

525 jimonade the Ogre Mage (level 7, 0/70 HPs)
             Began as an Ogre Hedge Wizard on May 19, 2022.
             Was an Initiate of Vehumet.
             Slain by a scorpion (6 damage)
             ... on level 5 of the Dungeon.
             The game lasted 00:13:00 (6265 turns).

jimonade the Ogre Mage (Ogre Hedge Wizard)          Turns: 6265, Time: 00:13:00

Health: 0/70       AC:  3    Str: 15    XL:     7   Next: 23%
Magic:  9/16       EV:  9    Int: 17    God:    Vehumet [......]
Gold:   254        SH:  0    Dex:  8    Spells: 13/18 levels left

rFire   . . .      SeeInvis .   x - staff of conjuration
rCold   . . .      Faith    .   (no shield)
rNeg    . . .      Spirit   .   b - +0 robe
rPois   .          Reflect  .   c - +0 hat
rElec   .          Harm     .   (no cloak)
rCorr   .          Rampage  .   (gloves unavailable)
Will    +....                   (boots unavailable)
Stlth   +.........              (no amulet)
HPRegen 0.21/turn               k - ring of willpower
MPRegen 0.15/turn               (no ring)

@: no status effects
A: large, unfitting armour, tough skin 1
a: Renounce Religion


You were on level 5 of the Dungeon.
You worshipped Vehumet.
Vehumet was noncommittal.
You visited 2 branches of the dungeon, and saw 6 of its levels.

You collected 254 gold pieces.

Inventory:

Hand Weapons
 a - a +0 dagger
 p - a +1 dagger of draining
 y - a +0 short sword
 C - a +0 trident
Missiles
 e - 148 stones
 u - 5 silver boomerangs
 A - 8 poisoned darts
 B - 2 boomerangs
Armour
 b - a +0 robe (worn)
 c - a +0 hat (worn)
Magical Staves
 x - a staff of conjuration (weapon)
Jewellery
 k - a ring of willpower (left hand)
Wands
 s - a wand of acid (7)
Scrolls
 f - a scroll of fear
 g - 4 scrolls of identify
 m - a scroll of fog
 n - 4 scrolls of poison
 q - a scroll of vulnerability
Potions
 d - a potion of magic
 h - 2 potions of haste
 i - a potion of might {unknown}
 j - a potion of resistance {unknown}
 l - a potion of invisibility {unknown}
 o - 2 potions of heal wounds {unknown}
 w - a potion of lignification {unknown}


   Skills:
 * Level 4.2 Fighting
 - Level 0.3 Short Blades
 - Level 1.7 Dodging
 - Level 1.4 Stealth
 + Level 6.4 Spellcasting
 + Level 3.8 Conjurations
 + Level 1.1 Summonings
 + Level 0.8 Translocations


You had 13 spell levels left.
You knew the following spells:

 Your Spells              Type           Power      Damage    Failure   Level
a - Magic Dart            Conj           100%       1d8       2%          1
b - Blink                 Tloc           16%        N/A       13%         2
c - Call Imp              Summ           9%         N/A       12%         2

Your spell library contained the following spells:

 Spells                   Type           Power      Damage    Failure   Level
 Slow                     Hex            20%        N/A       12%         1
 Conjure Flame            Conj/Fire      18%        6-21      17%         3
 Mephitic Cloud           Conj/Pois/Air  14%        N/A       22%         3
 Confusing Touch          Hex            5%         N/A       36%         3
 Animate Dead             Necr           5%         N/A       77%         4
 Yara's Violent Unravell  Hex/Tmut       2%         3d3       98%         5
 Enfeeble                 Hex            2%         N/A       100%        7
 Haunt                    Necr/Summ      3%         N/A       100%        7
 Infestation              Necr           2%         N/A       100%        8


Dungeon Overview and Level Annotations

Branches:
Dungeon (5/15)             Temple (1/1) D:5

Altars:
Ashenzari
Dithmenos
Elyvilon
Fedhas
Gozag
Hepliaklqana
Nemelex Xobeh
Okawaru
Qazlal
Ru
Sif Muna
Trog
Uskayaw
Vehumet
Wu Jian
Xom
Yredelemnul
Zin

Annotations:
D:2 exclusion: downstairs


Innate Abilities, Weirdness & Mutations

You are too large for most types of armour.
You have tough skin. (AC +1)


Message History

The scorpion stings you.
You are more poisoned.
The scorpion poisons you!
Aiming: Magic Dart (safe; 2% risk of failure)
Press: ? - help, Q - select action, (/) - cycle Shift-Dir - straight line, f/p - scorpion
Aim: a scorpion (moderately wounded, 100% to hit)
You feel a surge of power!
The magic dart hits the scorpion but does no damage.
The scorpion is moderately wounded.
You feel very sick.
The orc hits you from afar with a +0 trident.
The scorpion closely misses you.
Aiming: Magic Dart (safe; 2% risk of failure)
Press: ? - help, Q - select action, (/) - cycle Shift-Dir - straight line, f/p - scorpion
Aim: a scorpion (black smoke, moderately wounded, 100% to hit)
You feel a surge of power!
The magic dart hits the scorpion but does no damage.
The scorpion is moderately wounded.
You feel very sick. The scorpion stings you.
* * * LOW HITPOINT WARNING * * *
You are lethally poisoned!
The scorpion poisons you!
The orc hits you from afar with a +0 trident.
* * * LOW HITPOINT WARNING * * *
Aiming: Magic Dart (safe; 2% risk of failure)
Press: ? - help, Q - select action, (/) - cycle Shift-Dir - straight line, f/p - scorpion
Aim: a scorpion (moderately wounded, 100% to hit)
You feel a surge of power!
The magic dart hits the scorpion.
The scorpion is heavily wounded.
* * * LOW HITPOINT WARNING * * *
You feel very sick. The scorpion stings you.
* * * LOW HITPOINT WARNING * * *
The orc hits you from afar with a +0 trident!
* * * LOW HITPOINT WARNING * * *
You feel better. The scorpion stings you.
* * * LOW HITPOINT WARNING * * *
The orc closely misses you. The scorpion stings you.
You die...

############## #............#
#.≈§≈≈≈≈§≈§..######
#.§§.....)≈.o......
#§≈§≈≈≈≈≈.≈s##############
#§§§....≈.≈@##...........#
#.§.≈._.≈§§..#.#.......#.#
##§§.≈..|≈.≈....#.......#.#
#####..≈.≈≈≈≈≈..§.#.#.........#
.......≈.......≈......>...#...#
#####..≈§≈≈§≈≈≈§§.#.#.....#...#
######............#.#.....#...#
...#.....###..#.#.#.#...<.#...#
...#.##### #..#.#.#.#...#.#...#


You could see a scorpion and an orc.

Vanquished Creatures
  A black bear (D:5)
  A centaur (D:5)
  A necrophage (D:5)
  A jelly (D:5)
  An orc priest (D:5)
  A hound (D:2)
  2 iguanas (D:5)
  6 adders
  An ufetubus (D:5)
  5 dart slugs
  8 orcs
  7 bats
  3 endoplasms
  3 giant cockroaches
  8 goblins
  9 hobgoblins
  8 kobolds
  6 quokkas
  6 ball pythons
  5 rats
83 creatures vanquished.

Notes
Turn   | Place    | Note
-------+----------+-------------------------------------------
     0 | D:1      | jimonade the Ogre Hedge Wizard began the quest for the Orb.
     0 | D:1      | Reached XP level 1. HP: 16/16 MP: 5/5
   268 | D:1      | Found a shadowy altar of Dithmenos.
   341 | D:1      | Reached skill level 1 in Conjurations
   437 | D:1      | Found a faded altar of an unknown god.
   456 | D:1      | Reached skill level 1 in Fighting
   456 | D:1      | Reached XP level 2. HP: 27/27 MP: 3/6
   490 | D:1      | Reached skill level 4 in Spellcasting
  1317 | D:1      | Reached XP level 3. HP: 35/35 MP: 4/8
  2142 | D:1      | Learned a level 2 spell: Blink
  2145 | D:1      | Learned a level 2 spell: Call Imp
  2953 | D:2      | Reached XP level 4. HP: 42/42 MP: 7/10
  3663 | D:2      | Reached skill level 5 in Spellcasting
  3663 | D:2      | Reached XP level 5. HP: 38/50 MP: 2/12
  4656 | D:3      | Found a sacrificial altar of Ru.
  4656 | D:3      | Found a basalt altar of Yredelemnul.
  4664 | D:3      | Found a faded altar of an unknown god.
  4666 | D:3      | Found a faded altar of an unknown god.
  4668 | D:3      | Found a hide-covered altar of Uskayaw.
  4808 | D:4      | Identified a scroll of acquirement
  4808 | D:4      | Acquired a staff of earth
  4895 | D:4      | Noticed a phantom
  4905 | D:5      | Entered Level 5 of the Dungeon
  5072 | D:5      | Noticed a black bear
  5086 | D:5      | Killed a black bear
  5087 | D:5      | Reached XP level 6. HP: 61/61 MP: 3/14
  5176 | D:5      | Found a staircase to the Ecumenical Temple.
  5185 | Temple   | Entered the Ecumenical Temple
  5412 | Temple   | Became a worshipper of Vehumet
  5444 | D:5      | Reached skill level 6 in Spellcasting
  5444 | D:5      | Reached skill level 1 in Summonings
  5884 | D:5      | Found a hazy altar of Hepliaklqana.
  5992 | D:5      | Reached XP level 7. HP: 68/68 MP: 14/16
  6073 | D:5      | Found a stormy altar of Qazlal.
  6264 | D:5      | HP: 3/70 [orc/+0 trident (8)]
  6265 | D:5      | Slain by a scorpion

Illustrated notes

Levels and vault maps discovered:
D:1:      sevenhm_arrival_forest_fort_small_6, layout_loops_corners,
          chequers_ecumenical_altar_simple_redux, minivault_4,
          corexii_item_surrounded_by_moat
D:2:      layout_loops_ring
D:3:      layout_basic, chequers_temple_overflow_minitemple, st_stairs_10,
          wad_floor_pattern_untrapped, dreamdust_princess_corridor
D:4:      black_bear_nest_2, layout_layer_cave, gup_sewer_entry_pipe,
          minmay_goblin_outpost, uniq_duvessa
D:5:      layout_basic, nicolae_qazlal_general_emergency,
          mainiacjoe_overflow_concentric_impassable, minmay_temple_entry_hall
Temple:   nicolae_temple_figure_eight

Skill      XL: |  1  2  3  4  5  6  7 |
---------------+----------------------+-----
Conjurations   | 1 2 3 |  3.8
Fighting       | 1 2 3 4 |  4.2
Spellcasting   | 4 5 6 |  6.4
Summonings     | 1 |  1.1
Short Blades   | |  0.3
Dodging        | |  1.7
Stealth        | |  1.4
Translocations | |  0.8

Action                   |  1- 3 |  4- 6 |  7- 9 || total
-------------------------+-------+-------+-------++-------
Melee: Dagger            |    44 |    13 |       ||    57
 Cast: Magic Dart        |   115 |   130 |    18 ||   263
       Call Imp          |       |     4 |       ||     4
  Use: Scroll            |       |     9 |       ||     9
       Potion            |       |       |     1 ||     1
Armor: Robe              |    13 |    24 |       ||    37
Dodge: Dodged            |    42 |    34 |     7 ||    83

Table legend: (Time is in decaauts)
 A = Elapsed time spent in this place.
 B = Non-inter-level travel time spent in this place.
 C = Inter-level travel time spent in this place.
 D = Time resting spent in this place.
 E = Time spent auto-exploring this place.
 F = Levels seen in this place.
 G = Mean time per level.
                   A        B        C        D        E       F      G
               +--------+--------+--------+--------+--------+-----+--------+
         Total |   6263 |   6044 |    219 |      0 |   5122 |   6 | 1043.8 |
       Dungeon |   6021 |   5816 |    205 |      0 |   4908 |   5 | 1204.2 |
        Temple |    242 |    228 |     14 |      0 |    214 |   1 |  242.0 |
               +--------+--------+--------+--------+--------+-----+--------+

Top non-repeatable levels by time:
     D:1: 2364 daAuts
     D:2: 1322 daAuts
     D:3: 1175 daAuts
     D:5: 1117 daAuts
  Temple: 242 daAuts
     D:4: 41 daAuts
